 Dungeon Crawl Stone Soup version 0.32-a0-128-g77eb882913 (webtiles) character file.

Game seed: 10882518214983946462

2836 pokeman the Thaumaturge (level 9, -8/51 HPs)
             Began as a Deep Elf Hedge Wizard on Feb 7, 2024.
             Was a Believer of Vehumet.
             Mangled by a vampire
             ... wielding a +0 vampiric halberd
              (13 damage)
             ... in a bailey.
             The game lasted 00:14:37 (7498 turns).

pokeman the Thaumaturge (Deep Elf Hedge Wizard)     Turns: 7498, Time: 00:14:38

Health: -8/51      AC:  6    Str:  7    XL:     9   Next: 45%
Magic:  17/27      EV: 18    Int: 24    God:    Vehumet [**....]
Gold:   121        SH:  0    Dex: 14    Spells: 20/32 levels left

rFire   . . .        y - +2 dagger (venom)
rCold   + . .        (no shield)
rNeg    . . .        b - +0 robe
rPois   .            c - +0 hat
rElec   .            D - +1 cloak {rCorr}
rCorr   +            h - +0 pair of gloves
SInv    .            A - +0 pair of boots
Will    .....        (no amulet)
Stlth   ++           e - ring of protection from cold
HPRegen 0.28/turn    n - +5 ring of evasion
MPRegen 0.20/turn

%: no passive effects
@: no status effects
A: no striking features
a: Renounce Religion


You were in a bailey.
You worshipped Vehumet.
Vehumet was pleased with you.
You visited 2 branches of the dungeon, and saw 8 of its levels.
You also visited: Bailey.

You collected 203 gold pieces.
You spent 82 gold pieces at shops.

Inventory:

Hand Weapons
 y - a +2 dagger of venom (weapon)
 C - a +2 quarterstaff of chaos
Missiles
 o - 2 throwing nets
Armour
 b - a +0 robe (worn)
 c - a +0 hat (worn)
 h - a +0 pair of gloves (worn)
 A - a +0 pair of boots (worn)
 D - a +1 cloak of preservation (worn)
Jewellery
 e - a ring of protection from cold (left hand)
 n - a +5 ring of evasion (right hand)
 r - a ring of protection from fire
 s - a ring of poison resistance
 w - a ring of positive energy
Wands
 t - a wand of polymorph (6)
 B - a wand of flame (37)
Scrolls
 f - 5 scrolls of identify {unknown}
 m - 2 scrolls of fear {unknown}
 q - 3 scrolls of teleportation {unknown}
 v - 2 scrolls of revelation {unknown}
 x - 2 scrolls of blinking
 E - a scroll of poison {unknown}
Potions
 a - 2 potions of attraction {unknown}
 d - a potion of magic
 g - a potion of invisibility {unknown}
 i - a potion of mutation {unknown}
 j - a potion of resistance {unknown}
 k - 2 potions of heal wounds {unknown}
 l - 3 potions of might {unknown}
 p - 2 potions of curing {unknown}
 u - a potion of enlightenment {unknown}
 z - a potion of ambrosia {unknown}
 G - a potion of haste {unknown}
Miscellaneous
 F - a sack of spiders


   Skills:
 + Level 3.3 Fighting
 - Level 3.0 Armour
 - Level 3.2 Dodging
 - Level 3.2 Stealth
 * Level 12.0 Spellcasting
 + Level 6.6 Conjurations
 - Level 1.1 Summonings
 - Level 1.1 Translocations
 + Level 4.0 Fire Magic
 - Level 1.0 Air Magic
 - Level 1.0 Alchemy
 - Level 1.0 Evocations


You had 20 spell levels left.
You knew the following spells:

 Your Spells              Type           Power      Damage    Failure   Level
a - Magic Dart            Conj           100%       1d8       1%          1
b - Mephitic Cloud        Conj/Alch/Air  28%        N/A       4%          3
c - Call Imp              Summ           38%        N/A       4%          2
d - Blink                 Tloc           38%        N/A       4%          2
e - Flame Wave            Conj/Fire      40%        2d11      4%          4

Your spell library contained the following spells:

 Spells                   Type           Power      Damage    Failure   Level
 Shock                    Conj/Air       100%       1d9       1%          1
 Scorch                   Fire           66%        2d7       1%          2
 Slow                     Hex            56%        N/A       4%          1
 Cigotuvi's Dreadful Rot  Necr/Alch/Air  34%        N/A       4%          2
 Summon Cactus Giant      Summ           9%         N/A       99%         6
 Malign Gateway           Summ/Tloc      9%         N/A       100%        7
 Summon Horrible Things   Summ           9%         N/A       100%        8


Dungeon Overview and Level Annotations

Branches:
Dungeon (7/15)             Temple (1/1) D:4          Bailey (1/1)

Altars:
Ashenzari
Elyvilon
Fedhas
Gozag
Hepliaklqana
Nemelex Xobeh
Okawaru
Qazlal
Sif Muna
Trog
Uskayaw
Vehumet
Wu Jian
Xom
Yredelemnul
Zin
The Shining One

Shops:
D:5 *


Message History

The vampire gestures at you while chanting.
You are confused.
The vampire gestures wildly while chanting.
The vampire flickers and vanishes!
Deactivating autopickup; reactivate with Ctrl-A.
You feel less confused. Something hits you. Something bites you.
Something draws strength from your injuries!
Casting: Flame Wave (dangerous; 4% risk of failure)
Confirm with . or Enter, or press ? or * to list all spells.
Casting: Flame Wave (dangerous; 4% risk of failure)
Press: ? - help, Dir - look around, f - activate A wave of flame ripples out!
The flame wave engulfs something. (Press . to intensify the flame waves.)
Something hits you. Something bites you!
Something draws strength from your injuries!
Unknown command.
A wave of flame ripples out!
The flame wave engulfs something but does no damage.
Something hits you. Something bites you.
Something draws strength from your injuries!
Unknown command.
A wave of flame ripples out!
The flame wave engulfs something.
You finish channelling waves of flame.
Something hits you!
* * * LOW HITPOINT WARNING * * *
Something barely misses you.
Unknown command.
Casting: Flame Wave (dangerous; 4% risk of failure)
Confirm with . or Enter, or press ? or * to list all spells.
Casting: Flame Wave (dangerous; 4% risk of failure)
Press: ? - help, Dir - look around, f - activate A wave of flame ripples out!
The flame wave engulfs something but does no damage. (Press . to intensify the flame waves.)
Something hits you!
* * * LOW HITPOINT WARNING * * *
Something barely misses you.
A wave of flame ripples out!
The flame wave engulfs something.
Something hits you!
You die...

.................#...##...ß##
####..♣.....♣...##....######
###...♣........##......ß#
..'...........##..)##...#
..#.....♣......#....##..#
..#...♣♣.......##....#..#
..#....♣........##...#..#
..#......######..{...#..#
..#......#....#.@....#..#
..+......#....#.....ß#ß.#
####.....#..###''########
...####..+..'......'....#
......#######......#....#
....ß.......#......######
.........ß..'......#
............########
..♣...........#


There were no monsters in sight!

Vanquished Creatures
  A gargoyle (Bailey)
  Menkaure (D:5)
  3 black bears
  2 ice beasts (D:7)
  An ogre (D:5)
  2 phantoms
  A gnoll sergeant (D:6)
  4 scorpions
  3 killer bees (D:6)
  8 vampire bats (Bailey)
  A bombardier beetle (D:6)
  8 wolf zombies (Bailey)
  2 hounds
  Crazy Yiuf (D:5)
  An orc priest (D:5)
  A jelly (D:6)
  A sleepcap (D:6)
  4 iguanas
  3 orc wizards
  8 gnolls (D:6)
  4 adders
  A shadow imp (D:6)
  A ribbon worm (D:5)
  5 dart slugs
  20 orcs
  5 ball pythons
  2 endoplasms
  2 giant cockroaches (D:2)
  15 goblins
  8 hobgoblins
  5 jackals
  12 kobolds
  2 quokkas
  3 bats
  23 orc zombies (Bailey)
  5 rats
169 creatures vanquished.

Vanquished Creatures (collateral kills)
  A sleepcap (D:4)
1 creature vanquished.

Grand Total: 170 creatures vanquished

Notes
Turn   | Place    | Note
-------+----------+-------------------------------------------
     0 | D:1      | pokeman the Deep Elf Hedge Wizard began the quest for the
                  | Orb.
     0 | D:1      | Reached XP level 1. HP: 10/10 MP: 7/7
   266 | D:1      | Reached XP level 2. HP: 9/16 MP: 1/9
   502 | D:1      | Reached skill level 5 in Spellcasting
   846 | D:2      | Reached XP level 3. HP: 20/20 MP: 8/11
   850 | D:2      | Learned a level 3 spell: Mephitic Cloud
   853 | D:2      | Learned a level 2 spell: Call Imp
   856 | D:2      | Learned a level 2 spell: Blink
  1212 | D:2      | Reached skill level 1 in Armour
  1836 | D:2      | Reached skill level 1 in Fighting
  2218 | D:3      | Found a bloodstained altar of Trog.
  2228 | D:3      | Reached XP level 4. HP: 24/25 MP: 3/13
  2517 | D:3      | Found a white marble altar of Elyvilon.
  2583 | D:3      | Identified the +4 quarterstaff of Qiar {heavy, Dex+2}
  2620 | D:3      | Found a broken altar of Ashenzari.
  3001 | D:4      | Noticed a black bear
  3020 | D:4      | Killed a black bear
  3021 | D:4      | Reached skill level 6 in Spellcasting
  3021 | D:4      | Reached XP level 5. HP: 22/29 MP: 9/15
  3339 | D:4      | Found a stormy altar of Qazlal.
  3374 | D:4      | Reached skill level 1 in Air Magic
  3379 | D:4      | Reached skill level 1 in Alchemy
  3379 | D:4      | Reached skill level 1 in Evocations
  3379 | D:4      | Reached XP level 6. HP: 34/34 MP: 10/17
  3447 | D:4      | Found a staircase to the Ecumenical Temple.
  3456 | Temple   | Entered the Ecumenical Temple
  3567 | D:4      | Found an iron altar of Okawaru.
  3648 | D:4      | Found a sparkling altar of Nemelex Xobeh.
  4107 | D:5      | Entered Level 5 of the Dungeon
  4113 | D:5      | Reached skill level 7 in Spellcasting
  4179 | D:5      | Found Byojicwi's Bounteous Boutique.
  4209 | D:5      | Reached XP level 7. HP: 11/39 MP: 6/20
  4318 | D:5      | Bought a scroll of blinking for 82 gold pieces
  4381 | D:5      | Reached skill level 8 in Spellcasting
  4515 | D:5      | Noticed Menkaure
  4534 | D:5      | Killed Menkaure
  4667 | D:5      | Reached skill level 9 in Spellcasting
  4816 | D:5      | Found a radiant altar of Vehumet.
  4830 | D:5      | Became a worshipper of Vehumet
  4894 | D:5      | Found a runed translucent door.
  4895 | D:5      | Noticed Crazy Yiuf
  5023 | D:5      | Found a shimmering blue altar of Sif Muna.
  5203 | D:5      | Killed Crazy Yiuf
  5283 | D:6      | Reached XP level 8. HP: 42/44 MP: 20/23
  5520 | D:6      | Reached skill level 5 in Conjurations
  5593 | D:6      | Learned a level 4 spell: Flame Wave
  6010 | D:6      | Reached skill level 10 in Spellcasting
  6010 | D:6      | Reached skill level 1 in Fire Magic
  6645 | D:7      | Found a flagged portal.
  6662 | Bailey   | Entered a bailey
  6798 | Bailey   | Reached skill level 11 in Spellcasting
  6855 | Bailey   | Reached * piety under Vehumet
  6855 | Bailey   | Offered knowledge of Freeze by Vehumet.
  6915 | Bailey   | Noticed a gargoyle
  6930 | Bailey   | Killed a gargoyle
  6931 | Bailey   | Reached XP level 9. HP: 30/49 MP: 10/26
  7281 | Bailey   | Reached ** piety under Vehumet
  7287 | Bailey   | Offered knowledge of Shock by Vehumet.
  7288 | Bailey   | Reached skill level 12 in Spellcasting
  7498 | Bailey   | Mangled by a vampire

Illustrated notes

Levels and vault maps discovered:
D:1:      dpeg_arrival_pond, layout_rooms
D:2:      layout_basic, minmay_small_reverse_x
D:3:      layout_basic, lemuel_tele_altar, trog_hazing_becter, elyvilon_altar_5
D:4:      wad_lake_hut, layout_basic, kennysheep_little_box,
          grunt_qazlal_sundering, nemelex_spade_bored_becter,
          minmay_temple_entry_poolview
D:5:      layout_loops_ring, vehumet_altar_wand_db, lemuel_blue_sif_altar,
          nicolae_alphabet_shops, uniq_menkaure, uniq_crazy_yiuf_cottage
D:6:      layout_basic
D:7:      layout_cave_pods, makhleb_heckhound_becter, cheibriados_altar_2,
          enter_bailey_3, amcnicky_mini_rare_corridor_liquid,
          nicolae_elevator_lobby_plus, uniq_prince_ribbit1
Temple:   dpeg_three_leaves_temple
Bailey:   bailey_polearm_vampire_castle_hellmonk, bailey

Skill      XL: |  1  2  3  4  5  6  7  8  9 |
---------------+----------------------------+-----
Spellcasting   | 5 6 7 9 11 12 | 12.0
Armour         | 1 2 3 |  3.0
Fighting       | 1 2 3 |  3.3
Conjurations   | 2 3 4 6 |  6.6
Dodging        | 3 |  3.2
Stealth        | 3 |  3.2
Air Magic      | 1 |  1.0
Alchemy        | 1 |  1.0
Evocations     | 1 |  1.0
Fire Magic     | 3 4 |  4.0
Summonings     | |  1.1
Translocations | |  1.1

Action                     |  1- 3 |  4- 6 |  7- 9 || total
---------------------------+-------+-------+-------++-------
  Melee: Dagger            |    18 |       |    94 ||   112
         Punch             |     1 |     4 |     9 ||    14
         Mace              |     3 |    43 |    19 ||    65
   Cast: Magic Dart        |   100 |    40 |   114 ||   254
         Mephitic Cloud    |       |     8 |    23 ||    31
         Call Imp          |       |     3 |     3 ||     6
         Blink             |       |     2 |       ||     2
         Flame Wave        |       |       |    19 ||    19
  Evoke: Wand              |       |       |     3 ||     3
   Stab: Sleeping          |     2 |       |       ||     2
         Confused          |       |     8 |    14 ||    22
 Armour: Robe              |    24 |    18 |    49 ||    91
  Dodge: Dodged            |    36 |    52 |   121 ||   209

Table legend: (Time is in decaauts)
 A = Elapsed time spent in this place.
 B = Non-inter-level travel time spent in this place.
 C = Inter-level travel time spent in this place.
 D = Time resting spent in this place.
 E = Time spent auto-exploring this place.
 F = Levels seen in this place.
 G = Mean time per level.
                   A        B        C        D        E       F      G
               +--------+--------+--------+--------+--------+-----+--------+
         Total |   7551 |   7354 |    197 |    186 |   5854 |   9 |  839.0 |
       Dungeon |   6714 |   6517 |    197 |    105 |   5262 |   7 |  959.1 |
        Temple |      1 |      1 |      0 |      0 |      0 |   1 |    1.0 |
        Bailey |    835 |    835 |      0 |     81 |    592 |   1 |  835.0 |
               +--------+--------+--------+--------+--------+-----+--------+

Top non-repeatable levels by time:
     D:2: 1320 daAuts
     D:5: 1177 daAuts
     D:4: 1158 daAuts
     D:6: 1075 daAuts
     D:3: 895 daAuts
  Bailey: 835 daAuts
     D:1: 775 daAuts
     D:7: 312 daAuts
  Temple: 1 daAuts
